 Dungeon Crawl Stone Soup version 0.31.0-11-ge490571c62 (webtiles) character file.

Game seed: 2647744210133782937

126275 tilp the Severer (level 16, -2/155 HPs)
             Began as a Minotaur Berserker on Jan 26, 2024.
             Was the Champion of Trog.
             Succumbed to a redback's poison
             ... on level 2 of the Spider Nest on Jan 27, 2024.
             The game lasted 00:41:56 (25496 turns).

tilp the Severer (Minotaur Berserker)              Turns: 25496, Time: 00:41:56

Health: -2/155     AC: 31    Str: 35    XL:     16   Next: 43%
Magic:  5/5        EV: 19    Int:  4    God:    Trog [******]
Gold:   474        SH:  3    Dex:  9    Spells: 15/15 levels left

rFire   . . .        a - +7 broad axe (antimagic)
rCold   . . .        V - +0 buckler {reflect}
rNeg    + . .        W - +10 scale mail of a wizard's laboratory {Regen+ Str+7 Dex-5}
rPois   .            A - +2 hat
rElec   +            w - +2 cloak
rCorr   .            l - +1 pair of gloves {Stlth+}
SInv    .            u - +2 pair of boots
Will    +++++        P - amulet of the Four Winds {rN+ Will+++ Clar}
Stlth   ++           s - ring "Jaomohom" {rElec Will+ Dex+2}
HPRegen 1.25/turn    U - ring "Asoot" {EV+5 Slay+6}
MPRegen 0.09/turn

%: reflection, clarity
@: lethally poisoned (-2 -> -17), on berserk cooldown, slowed, very slow
A: horns 2, retaliatory headbutt
a: Renounce Religion, Berserk, Trog's Hand, Brothers in Arms


You were on level 2 of the Spider Nest.
You worshipped Trog.
Trog was exalted by your worship.
You visited 4 branches of the dungeon, and saw 24 of its levels.
You also visited: Sewer and Gauntlet.

You collected 2504 gold pieces.
You spent 2030 gold pieces at shops.

Inventory:

Hand Weapons
 a - a +7 antimagic broad axe (weapon)
 b - a +2 broad axe of flaming
 d - a +4 battleaxe of flaming
 I - a +1 battleaxe of freezing
Missiles
 g - 7 curare-tipped darts
 h - 3 throwing nets
 j - 22 boomerangs (quivered)
 m - 54 poisoned darts
 y - 13 javelins
Armour
 l - a +1 pair of gloves of stealth (worn)
 u - a +2 pair of boots (worn)
 w - a +2 cloak (worn)
 A - a +2 hat (worn)
 V - a +0 buckler of reflection (worn)
 W - the +10 scale mail of a wizard's laboratory (worn) {Regen+ Str+7 Dex-5}
   (You took it off a gnoll on level 9 of the Dungeon)

   Str+7:     It affects your strength (+7).
   Dex-5:     It affects your dexterity (-5).
   Regen+:    It increases your rate of health regeneration.
 X - a +0 plate armour of fire resistance
Jewellery
 o - a ring of protection from fire
 r - an amulet of reflection
 s - the ring "Jaomohom" (left hand) {rElec Will+ Dex+2}
   (You found it in a Gauntlet)

   [ring of willpower]

   Dex+2:     It affects your dexterity (+2).
   rElec:     It insulates you from electricity.
   Will+:     It increases your willpower.
 x - the ring "Emaor" {Fly Will+}
   (You found it on level 6 of the Dungeon)

   [ring of flight]

   Will+:     It increases your willpower.
   Fly:       It grants you flight.
 F - a ring of positive energy
 P - the amulet of the Four Winds (around neck) {rN+ Will+++ Clar}
   (You found it on level 1 of the Spider Nest)

   [amulet of nothing]

   rN+:       It protects you from negative energy.
   Will+++:   It greatly increases your willpower.
   Clar:      It protects you from confusion, rage, mesmerisation and fear.
 Q - a ring of protection from cold
 U - the ring "Asoot" (right hand) {EV+5 Slay+6}
   (You found it on level 15 of the Dungeon)

   [ring of evasion]

   EV+5:      It affects your evasion (+5).
   Slay+6:    It affects your accuracy & damage with ranged weapons and melee
   (+6).
Wands
 k - a wand of mindburst (27)
 t - a wand of charming (18)
 v - a wand of flame (103)
 D - a wand of roots (29)
 E - a wand of light (7)
 T - a wand of polymorph (3)
 Y - a wand of digging (13)
Scrolls
 z - 7 scrolls of poison
 B - 4 scrolls of fear
 H - 6 scrolls of blinking
 J - 4 scrolls of vulnerability
 K - 4 scrolls of identify
 L - 2 scrolls of fog
 M - 2 scrolls of immolation
 N - a scroll of brand weapon
 O - 4 scrolls of teleportation
 Z - a scroll of silence
Potions
 c - a potion of attraction
 e - 4 potions of mutation
 f - 8 potions of curing
 i - 6 potions of heal wounds
 n - 5 potions of haste
 p - 2 potions of invisibility
 q - a potion of cancellation
 C - 9 potions of might
 G - a potion of resistance
 R - a potion of lignification
Miscellaneous
 S - a lightning rod (4/4)


   Skills:
 + Level 17.2 Fighting
 - Level 20.0 Axes
 + Level 9.7 Throwing
 + Level 13.2 Armour
 - Level 12.0 Dodging
 - Level 4.0 Stealth
 + Level 9.2 Evocations


You had 15 spell levels left.
You didn't know any spells.
Your spell library was empty.

Dungeon Overview and Level Annotations

Branches:
Dungeon (15/15)            Temple (0/1) D:4            Lair (5/5) D:11
 Shoals (0/4) Lair:3       Spider (2/4) Lair:3        Slime (0/5) Lair:4
    Orc (2/2) D:11            Elf (0/3) Orc:2        Vaults (0/5) D:14
 Depths (0/4) D:15          Sewer (visited)         Gauntlet (visited)

Altars:
Cheibriados
Elyvilon
Fedhas
Gozag
Hepliaklqana
Kikubaaqudgha
Makhleb
Okawaru
Sif Muna
Trog
Uskayaw
Vehumet
Wu Jian
Yredelemnul
The Shining One
Jiyva
Lugonu

Shops:
Orc:2 *[=[?

Portals:
Abyss: Lair:5

Annotations:
D:14 Roxanne
Lair:4 exclusion: 3 oklob plants


Innate Abilities, Weirdness & Mutations

You have a pair of horns on your head.
You reflexively headbutt those who attack you in melee.


Message History

You kill the redback!
Trog accepts your kill.
You are too berserk!
* * * LOW HITPOINT WARNING * * *
You feel extremely sick.
Unknown command.
You slice the moth of wrath!!
The moth of wrath is heavily wounded.
* * * LOW HITPOINT WARNING * * *
You feel extremely sick.
The moth of wrath completely misses you.
You slice the moth of wrath!!
The moth of wrath is almost dead.
* * * LOW HITPOINT WARNING * * *
You feel very sick.
You chop the moth of wrath into pieces!!!
You kill the moth of wrath!
Trog accepts your kill.
* * * LOW HITPOINT WARNING * * *
You feel very sick.
Unknown command.
You are too berserk!
You are too berserk!
* * * LOW HITPOINT WARNING * * *
You feel very sick.
Unknown command.
You feel a strong urge to attack something.
* * * LOW HITPOINT WARNING * * *
You feel very sick.
You see here 4 stones.
Unknown command.
* * * LOW HITPOINT WARNING * * *
You feel very sick.
Unknown command.
You are too berserk!
Okay, then.
You feel your anger nearly subside.
You are no longer berserk.
You are exhausted.
You feel yourself slow down.
You die...

............## .............#
.............# .........^...#
.....^.......# .............#
.............# #...........##
######## .#........###
##@.(sss#
..##.....######..#####......#
#^...#.###......## ###...#
##....†.....^.### ^#
#..########### ###..# .....#
.....##########
.....##.......####


You could see 3 redbacks.

Vanquished Creatures
  A storm dragon (D:12)
  Kirke (D:14)
  A ghost moth (Spider:2)
  An orc warlord (Orc:1)
  Nessos (D:14)
  The ghost of Skimidon the Fighter, a journeyman DsMo of Trog (D:14)
  2 minotaurs
  An entropy weaver (Spider:1)
  A fire dragon (D:14)
  Fannar (D:11)
  4 vault guards (D:14)
  The ghost of noone the Geomancer, a journeyman GrEE of Vehumet (Lair:2)
  Erolcha (D:11)
  A sphinx zombie (D:15)
  4 hydras
  A radroach (Spider:1)
  A catoblepas (Lair:3)
  2 jorogumos (Spider:1)
  2 ogre magi (Orc:2)
  Erica (D:11)
  A death knight (D:15)
  3 two-headed ogres
  8 demonic crawlers
  4 centaur warriors (D:15)
  6 boulder beetles
  3 tengu warriors
  The ghost of dvdksn the Covert, a novice DsBr (D:9)
  A vampire mage (D:15)
  3 thrashing horrors (Lair:5)
  5 spriggans (Lair:2)
  A pharaoh ant (Spider:2)
  3 skeletal warriors (D:15)
  Amaemon (Lair:1)
  3 orb spiders (Spider:1)
  2 arcanists
  A lindwurm (shapeshifter) (D:14)
  A sun moth (Spider:2)
  A deep elf archer (D:14)
  2 steelbarb worms
  3 orc knights
  9 orc sorcerers
  3 deep elf pyromancers
  A large abomination (Lair:5)
  A necromancer (D:15)
  4 manticores
  14 ugly things
  9 wolf spiders
  3 cyclopes
  2 meliai (shapeshifter)
  2 moths of wrath
  7 kobold blastminers
  4 black mambas
  Joseph (Lair:1)
  14 elephants
  An orange demon (Lair:1)
  6 torpor snails
  6 gargoyles
  13 cane toads
  4 kobold demonologists (D:12)
  3 efreet (D:14)
  2 unseen horrors (D:12)
  The ghost of Daviar the Insei, a novice OpSh (D:5)
  2 tengu conjurers (D:13)
  8 rime drakes
  9 komodo dragons
  A minotaur zombie (Gauntlet)
  7 trolls
  A yaktaur (D:14)
  A tyrant leech (Gauntlet)
  13 tarantellas
  3 hornets
  32 blink frogs
  A raiju (Lair:5)
  2 dream sheep (Lair:1)
  5 culicivoras (Spider:1)
  10 slime creatures
  4 jumping spiders
  4 shadows
  3 ynoxinuls (Lair:5)
  A spriggan skeleton (D:15)
  2 water elementals (D:15)
  2 wraiths
  A vampire (D:14)
  9 wyverns
  4 hogs (D:14)
  6 basilisks
  A human (D:11)
  29 yaks
  A warg (shapeshifter) (Lair:5)
  2 steam dragons
  6 vampire mosquitoes
  20 redbacks
  A warg (D:11)
  3 chaos spawn (Lair:5)
  A naga (shapeshifter) (Lair:5)
  3 swamp worms (Gauntlet)
  7 water moccasins
  5 acid dragons
  16 orc warriors
  2 ice beasts
  3 black bears
  A sky beast (D:7)
  An ogre (shapeshifter) (Lair:5)
  5 ogres (Orc:2)
  9 centaurs
  5 wolves (Lair:3)
  A phantom (D:5)
  A gnoll sergeant (D:8)
  6 kobold brigands
  6 bullfrogs
  4 scorpions
  8 small abominations (Lair:5)
  6 wights
  4 killer bees (D:9)
  3 howler monkeys
  3 jellies
  2 bombardier beetles (D:5)
  A gnoll bouda (D:9)
  2 hounds
  16 orc priests
  Jessica (D:3)
  A sleepcap (D:6)
  34 orc wizards
  14 adders
  10 gnolls
  3 river rats (Sewer)
  3 shadow imps
  4 white imps
  2 dart slugs
  2 ribbon worms (D:4)
  68 orcs
  14 endoplasms
  8 giant cockroaches
  8 goblins
  15 hobgoblins
  5 quokkas
  7 ball pythons
  6 bats
  6 frilled lizards
  41 kobolds
  22 rats
781 creatures vanquished.

Vanquished Creatures (collateral kills)
  An orc (D:11)
1 creature vanquished.

Vanquished Creatures (others)
  An ogre mage (D:14)
1 creature vanquished.

Grand Total: 783 creatures vanquished

Notes
Turn   | Place    | Note
-------+----------+-------------------------------------------
     0 | D:1      | tilp the Minotaur Berserker began the quest for the Orb.
     0 | D:1      | Reached XP level 1. HP: 19/19 MP: 0/0
    65 | D:1      | Reached skill level 4 in Axes
    65 | D:1      | Reached XP level 2. HP: 26/27 MP: 1/1
   372 | D:1      | Reached XP level 3. HP: 29/33 MP: 2/2
   840 | D:2      | Reached skill level 1 in Stealth
   931 | D:2      | Identified the +9 dagger "Vocvayga" {drain, rPois}
   988 | D:2      | Reached XP level 4. HP: 40/40 MP: 3/3
  1140 | D:2      | Reached ** piety under Trog
  1541 | D:3      | Reached skill level 5 in Axes
  1547 | D:3      | Found a glowing drain.
  1572 | Sewer    | Entered a sewer
  1730 | Sewer    | Reached XP level 5. HP: 37/47 MP: 4/4
  1838 | Sewer    | Reached *** piety under Trog
  1995 | Sewer    | Reached XP level 6. HP: 40/55 MP: 5/5
  2409 | D:3      | Noticed Jessica
  2420 | D:3      | Reached skill level 6 in Axes
  2422 | D:3      | Killed Jessica
  2524 | D:3      | Reached skill level 5 in Fighting
  2804 | D:4      | Noticed a wyvern
  2812 | D:4      | Killed a wyvern
  2813 | D:4      | Reached skill level 1 in Throwing
  2813 | D:4      | Reached XP level 7. HP: 61/61 MP: 6/6
  3096 | D:4      | Reached **** piety under Trog
  3186 | D:4      | Found a staircase to the Ecumenical Temple.
  3219 | D:4      | Reached skill level 1 in Evocations
  3221 | D:4      | Reached skill level 7 in Axes
  3734 | D:5      | Entered Level 5 of the Dungeon
  3855 | D:5      | Found a basalt altar of Yredelemnul.
  3944 | D:5      | Found a glowing golden altar of the Shining One.
  3954 | D:5      | Reached XP level 8. HP: 60/70 MP: 7/7
  4006 | D:5      | Found a white marble altar of Elyvilon.
  4223 | D:5      | Found a runed translucent gate.
  4225 | D:5      | Found a runed translucent gate.
  4226 | D:5      | Identified the +6 mace "Ymmyt" {elec, Str+3 Int+3}
  4611 | D:5      | Noticed Daviar's ghost (novice OpSh)
  4612 | D:5      | Found a runed translucent gate.
  4853 | D:6      | Reached skill level 8 in Axes
  4853 | D:6      | Reached skill level 5 in Dodging
  5028 | D:6      | Reached skill level 9 in Axes
  5081 | D:6      | Found a hide-covered altar of Uskayaw.
  5087 | D:6      | Found a hazy altar of Hepliaklqana.
  5311 | D:6      | Identified the ring "Emaor" {Fly Will+}
  5404 | D:6      | Found a burning altar of Makhleb.
  5420 | D:6      | Found a snail-covered altar of Cheibriados.
  5732 | D:7      | Reached XP level 9. HP: 79/79 MP: 8/8
  5746 | D:7      | Found an opulent altar of Gozag.
  6011 | D:7      | Reached skill level 10 in Axes
  6224 | D:7      | Found a bloodstained altar of Trog.
  6511 | D:5      | Killed Daviar's ghost
  6514 | D:5      | Reached skill level 11 in Axes
  6645 | D:8      | Reached ***** piety under Trog
  6678 | D:8      | Reached skill level 12 in Axes
  7205 | D:8      | Reached XP level 10. HP: 81/91 MP: 9/9
  7247 | D:8      | Received a gift from Trog
  7618 | D:8      | Found a blossoming altar of Fedhas.
  8119 | D:9      | Reached skill level 13 in Axes
  8159 | D:9      | Reached skill level 10 in Fighting
  8311 | D:9      | Reached skill level 14 in Axes
  8399 | D:9      | Found a runed translucent door.
  8400 | D:9      | Noticed dvdksn's ghost (novice DsBr)
  8444 | D:9      | Identified the +10 scale mail of a wizard's laboratory
                  | {Regen+ Str+7 Dex-5}
  8855 | D:9      | Killed dvdksn's ghost
  9025 | D:10     | Entered Level 10 of the Dungeon
  9040 | D:10     | Reached skill level 15 in Axes
  9212 | D:10     | Found an iron altar of Okawaru.
  9246 | D:10     | Identified the +0 ring mail "Awoshrec" {rPois}
  9250 | D:10     | Noticed a gargoyle
  9255 | D:10     | Killed a gargoyle
  9752 | D:11     | Noticed a two-headed ogre
  9756 | D:11     | Killed a two-headed ogre
  9757 | D:11     | Reached XP level 11. HP: 99/99 MP: 10/10
  9766 | D:11     | Found a staircase to the Lair.
  9828 | D:11     | Noticed a two-headed ogre
  9836 | D:11     | Killed a two-headed ogre
  9837 | D:11     | Reached skill level 16 in Axes
  9837 | D:11     | Reached skill level 5 in Armour
  9976 | D:11     | Found a staircase to the Orcish Mines.
  9981 | D:11     | Noticed Fannar
  9992 | D:11     | Killed Fannar
 10146 | D:11     | Noticed Erica
 10156 | D:11     | Killed Erica
 10610 | D:11     | Noticed Erolcha
 10619 | D:11     | Killed Erolcha
 10624 | D:11     | Reached skill level 17 in Axes
 10815 | D:12     | Noticed a soul eater
 10818 | D:12     | Noticed a soul eater
 10899 | D:12     | Noticed a boulder beetle
 10905 | D:12     | Killed a boulder beetle
 10931 | D:12     | Noticed a deep elf pyromancer
 10937 | D:12     | Killed a deep elf pyromancer
 10983 | D:12     | Noticed a storm dragon
 10992 | D:12     | Killed a storm dragon
 10993 | D:12     | Reached skill level 18 in Axes
 10993 | D:12     | Reached XP level 12. HP: 52/112 MP: 11/11
 11196 | D:12     | Noticed a two-headed ogre
 11208 | D:12     | Killed a two-headed ogre
 11441 | D:12     | Noticed a boulder beetle
 11460 | D:12     | Killed a boulder beetle
 11722 | D:12     | Reached skill level 19 in Axes
 12778 | Lair:1   | Entered Level 1 of the Lair of Beasts
 12852 | Lair:1   | Reached skill level 20 in Axes
 13000 | Lair:1   | Noticed Amaemon
 13009 | Lair:1   | Killed Amaemon
 13537 | Lair:1   | Noticed Joseph
 13543 | Lair:1   | Killed Joseph
 14071 | Lair:2   | Reached XP level 13. HP: 94/119 MP: 12/12
 14115 | Lair:2   | Identified the +4 hand axe "Xumonol" {flame, Dex+3}
 14372 | Lair:2   | Found a bloodstained altar of Trog.
 14372 | Lair:2   | Noticed noone's ghost (journeyman GrEE)
 14375 | Lair:2   | Found a transporter.
 14378 | Lair:2   | Found a transporter.
 14701 | Lair:2   | Found the +4 skin of Zhor {*Englaciate rC+++ SInv}
 15329 | Lair:3   | Reached skill level 5 in Throwing
 15474 | Lair:3   | Found a hole to the Spider Nest.
 15498 | Lair:3   | Found a staircase to the Shoals.
 15984 | Lair:4   | Found a gate leading to a gauntlet.
 15998 | Lair:4   | Received a gift from Trog
 16001 | Lair:4   | Reached skill level 5 in Evocations
 16023 | Gauntlet | Entered a Gauntlet
 16023 | Gauntlet | Found a transporter.
 16023 | Gauntlet | Found a transporter.
 16079 | Gauntlet | Found a transporter.
 16092 | Gauntlet | Found a transporter.
 16110 | Gauntlet | Found a transporter.
 16110 | Gauntlet | Found a transporter.
 16110 | Gauntlet | Found a transporter.
 16113 | Gauntlet | Found a transporter.
 16113 | Gauntlet | Found a transporter.
 16125 | Gauntlet | Found a transporter.
 16143 | Gauntlet | Found a transporter.
 16152 | Gauntlet | Noticed a blizzard demon
 16153 | Gauntlet | Found a transporter.
 16169 | Gauntlet | Found a transporter.
 16189 | Gauntlet | Found a transporter.
 16424 | Gauntlet | Identified the ring "Jaomohom" {rElec Will+ Dex+2}
 16541 | Gauntlet | Identified the +3 leather armour of the Red Gastropod
                  | {rElec rN++ Dex-2 SInv}
 16541 | Gauntlet | Noticed a minotaur
 16553 | Gauntlet | Killed a minotaur
 16697 | Gauntlet | Identified the scarf of the Serpent {repulsion, Rampage
                  | ^Drain Str+3}
 16940 | Lair:4   | Reached XP level 14. HP: 95/129 MP: 13/13
 17332 | Lair:4   | Found a viscous altar of Jiyva.
 17333 | Lair:4   | Found a staircase to the Slime Pits.
 17760 | Lair:5   | Entered Level 5 of the Lair of Beasts
 18096 | Lair:5   | Identified the +8 orcbow of Gluttony {antimagic, rF+ Str+3
                  | Int-2 Dex+4}
 18261 | Lair:5   | Reached skill level 10 in Armour
 18364 | Lair:5   | Received a gift from Trog
 19013 | Lair:5   | Reached skill level 10 in Dodging
 19108 | Lair:5   | Reached skill level 15 in Fighting
 19160 | Lair:5   | Found a corrupted altar of Lugonu.
 19160 | Lair:5   | Found a one-way gate to the infinite horrors of the Abyss.
 19658 | Orc:1    | Entered Level 1 of the Orcish Mines
 19832 | Orc:2    | Entered Level 2 of the Orcish Mines
 19914 | Orc:2    | Found Tixzom's Assorted Antiques.
 20042 | Orc:2    | Found a staircase to the Elven Halls.
 20192 | Orc:1    | Found an ornate altar of the Wu Jian Council.
 20192 | Orc:1    | Found a transporter.
 20213 | Orc:1    | Found a transporter.
 20220 | Orc:1    | Found a transporter.
 20240 | Orc:1    | Found a transporter.
 20241 | Orc:1    | Found an ornate altar of the Wu Jian Council.
 20241 | Orc:1    | Noticed an orc warlord
 20695 | Orc:2    | Identified the +0 battleaxe of Muigga {flame, rN+ Str-5
                  | SInv} (Trog gifted it to you on level 2 of the Orcish
                  | Mines)
 20695 | Orc:2    | Received a gift from Trog
 20711 | Orc:2    | Found an ancient bone altar of Kikubaaqudgha.
 20741 | Orc:2    | Found Nugicse's Jewellery Boutique.
 20762 | Orc:2    | Found a radiant altar of Vehumet.
 20795 | Orc:2    | Found Vaxaosch's Antique Armour Shop.
 20862 | Orc:2    | Found Jufet's Magic Scroll Shop.
 20910 | Orc:2    | Found Yfohizoi's Antique Armour Shop.
 21024 | Orc:2    | Bought faintly glowing fire dragon scales for 1820 gold
                  | pieces
 21024 | Orc:2    | Identified the +0 fire dragon scales of the Playwright
                  | {rF++ rC- Will+} (You bought it in a shop on level 2 of the
                  | Orcish Mines)
 21200 | D:13     | Identified the +10 flail of Quantum Leap {flame, rN+}
 21313 | D:13     | Found a shimmering blue altar of Sif Muna.
 21779 | D:14     | Received a gift from Trog
 21791 | D:14     | Reached XP level 15. HP: 104/141 MP: 14/14
 21857 | D:14     | Noticed Kirke
 21867 | D:14     | Killed Kirke
 21939 | D:14     | Noticed Nessos
 21948 | D:14     | Killed Nessos
 22113 | D:14     | Noticed Roxanne
 22356 | D:14     | Found a gate to the Vaults.
 22449 | D:14     | Found a runed translucent gate.
 22449 | D:14     | Found a runed translucent gate.
 22449 | D:14     | Found a runed translucent gate.
 22452 | D:14     | Noticed Skimidon's ghost (journeyman DsMo)
 22566 | D:15     | Entered Level 15 of the Dungeon
 22744 | D:15     | Found a staircase to the Depths.
 22779 | D:15     | Reached ****** piety under Trog
 22850 | D:15     | Identified the ring "Asoot" {EV+5 Slay+6}
 23343 | D:15     | Found an ornate altar of the Wu Jian Council.
 23698 | Orc:2    | Bought a scroll of enchant armour for 105 gold pieces
 23698 | Orc:2    | Bought a scroll of enchant armour for 105 gold pieces
 24084 | D:14     | Killed Skimidon's ghost
 24371 | Lair:2   | Killed noone's ghost
 24462 | Spider:1 | Entered Level 1 of the Spider Nest
 24471 | Spider:1 | Received a gift from Trog
 24591 | Spider:1 | Reached XP level 16. HP: 113/152 MP: 5/15
 24710 | Spider:1 | Found the amulet of the Four Winds {rN+ Will+++ Clar}
 25272 | Spider:2 | Received a gift from Trog
 25493 | Spider:2 | HP: 11/232 [poisoned by a redback]
 25495 | Spider:2 | HP: 1/232 [poisoned by a redback]
 25496 | Spider:2 | Succumbed to a redback's poison

Illustrated notes

Levels and vault maps discovered:
D:1:      evilmike_arrival_hilbert_curve, layout_basic
D:2:      cheibrodos_pilgrimage, layout_basic
D:3:      layout_basic, gup_sewer_entry_pipe, minmay_bisected, uniq_jessica
D:4:      layout_basic, minmay_temple_entry_sparse_star, lexackson_kobold_supper
D:5:      layout_loops_ring, mainiacjoe_overflow_cross_hatched,
          amcnicky_altar_gilded, mainiacjoe_overflow_chevrons,
          biasface_ghost_orc_armoury, dreamdust_princess_corridor, hex_medium
D:6:      layout_basic, mainiacjoe_overflow_divided_tiny,
          mainiacjoe_overflow_big_doors, serial_corexii_hall,
          corexii_hall_statues_u, chequers_hall_statues_corner_a
D:7:      layout_loops_corners, mainiacjoe_overflow_surrounded_room,
          nicolae_gozag_cash_rules_everything_around_me
D:8:      layout_loops_corners, fedhas_altar_3,
          minmay_fractal_squares_diagonal_5
D:9:      layout_irregular_city, hellmonk_ghost_happy_afterlife,
          serial_column_ruins, column_ruins_square_large,
          column_ruins_columns_corner, column_ruins_grid_1, column_ruins_grid_1,
          column_ruins_open_small, column_ruins_grid_1, column_ruins_open_tiny,
          column_ruins_grid_3
D:10:     layout_long_grid, mainiacjoe_overflow_boulevard
D:11:     layout_roguey, dpeg_oklobed_lair, erik_orc_4,
          kennysheep_generic_room_6, uniq_erolcha, uniq_erica, uniq_fannar
D:12:     nzn_winding_woodlands_small [nzn_winding_woodlands_5x15_default,
          nzn_winding_woodlands_center_garden,
          nzn_winding_woodlands_5x15_parted], layout_loops_ring,
          kennysheep_minor_cross
D:13:     layout_rooms, kennysheep_orc_sif_temple
D:14:     layout_rooms, grunt_vaults_entry_fortified, minmay_holes,
          maelrawn_ghost_gauntlet_escape, uniq_roxanne, uniq_kirke, uniq_nessos
D:15:     gammafunk_depths_entry_grave, layout_basic, nzn_wu_jian_contemplation
Lair:1:   layout_long_grid, uniq_amaemon, uniq_joseph
Lair:2:   layout_roguey, gammafunk_ghost_wrathful_warriors,
          hellmonk_guarded_unrand_zhor, serial_bayou_shore_b,
          infiniplex_staircase_pool, grunt_megastairs_2
Lair:3:   layout_gridlike, shoals_dummy_entry, spider_nest_entry_webs
Lair:4:   layout_cave_pods, slime_entry_2, gauntlet_entry_generic, dpeg_oklob_1,
          infiniplex_staircase_pool_2, grunt_megastairs_1, lemuel_fruit_fields
Lair:5:   hellmonk_lair_end_abyssal_woods, layout_gridlike
Spider:1: layout_spider_delve
Spider:2: layout_cave_pods
Orc:1:    dreamdust_wu_jian_sword_trials, layout_diamond_mine, basic_altar
Orc:2:    kennysheep_orc_mage_school, layout_diamond_mine, serial_shops, shop,
          basic_altar

Skill      XL: |  1  2  3  4  5  6  7  8  9 10 11 12 13 14 15 16 |
---------------+-------------------------------------------------+-----
Axes           | 4 5 6 7 9 12 15 18 20 | 20.0
Fighting       | 4 5 7 9 10 12 13 15 16 17 | 17.2
Stealth        | 1 2 3 4 |  4.0
Dodging        | 3 4 6 8 10 12 | 12.0
Armour         | 3 4 6 9 10 12 13 | 13.2
Throwing       | 1 2 3 5 7 8 9 |  9.7
Evocations     | 1 2 3 5 6 8 9 |  9.2

Action                     |  1- 3 |  4- 6 |  7- 9 | 10-12 | 13-15 | 16-18 || total
---------------------------+-------+-------+-------+-------+-------+-------++-------
  Melee: Hand axe          |    38 |   171 |   131 |       |       |       ||   340
         Headbutt          |     7 |    19 |    63 |    59 |   170 |    33 ||   351
         Punch             |       |     2 |     3 |       |       |       ||     5
         War axe           |       |       |   193 |     7 |       |       ||   200
         Battleaxe         |       |       |       |   307 |   758 |       ||  1065
         Broad axe         |       |       |       |       |    25 |   140 ||   165
  Throw: Boomerang         |       |       |       |     5 |       |     7 ||    12
         Dart              |       |       |       |     1 |       |       ||     1
 Invoke: Berserk           |     3 |     5 |     5 |    14 |    13 |     2 ||    42
         Trog's Hand       |       |       |     1 |     2 |     1 |       ||     4
         Brothers in Arms  |       |       |       |     1 |     1 |       ||     2
    Use: Scroll            |     2 |     7 |     7 |     8 |     8 |       ||    32
   Stab: Sleeping          |     2 |     1 |       |       |       |       ||     3
         Distracted        |       |       |       |     1 |       |       ||     1
         Petrified         |       |       |       |       |     1 |       ||     1
 Armour: Animal skin       |    22 |    11 |       |       |       |       ||    33
         Chain mail        |       |   117 |   289 |   277 |    33 |       ||   716
         Plate armour      |       |       |       |       |   172 |       ||   172
         Scale mail        |       |       |       |       |   210 |   105 ||   315
  Dodge: Dodged            |    18 |    94 |   160 |   140 |   366 |   114 ||   892
  Block: Other             |       |       |    17 |    54 |    95 |       ||   166
         Reflection        |       |       |     1 |     5 |    12 |       ||    18
         Buckler           |       |       |       |       |    10 |    27 ||    37
